 Dungeon Crawl Stone Soup version 0.23-a0-650-ga4d50d4 (webtiles) character file.

4543 Blackhawk the Blocker (level 10, -11/94 HPs)
             Began as a Deep Dwarf Fighter on Jan 5, 2019.
             Was a Believer of Trog.
             Shot with a bolt by an orc warrior (12 damage)
             ... in a bailey.
             The game lasted 00:22:53 (5590 turns).

Blackhawk the Blocker (Deep Dwarf Fighter)          Turns: 5590, Time: 00:22:54

Health: -11/94     AC: 15    Str: 24    XL:     10   Next: 17%
Magic:  8/8        EV:  9    Int:  8    God:    Trog [**....]
Gold:   250        SH: 12    Dex: 14    Spells: 9/9 levels left

rFire    . . .     SeeInvis +   d - +1 whip (elec)
rCold    . . .     Gourm    .   c - +0 shield
rNeg     + . .     Faith    .   p - +4 ring mail "Toec" {Regen+ Dex+2 SInv}
rPois    +         Spirit   .   k - +0 helmet
rElec    .         Reflect  .   u - +2 cloak {rPois}
rCorr    .         Harm     .   (no gloves)
MR       ++...                  (no boots)
Stlth    +.........             (no amulet)
HPRegen  0.00/turn              i - ring of protection from magic
MPRegen  0.11/turn              o - ring of positive energy

@: berserk cooldown, non-regenerating, slowed, very slow
A: damage resistance, heal wounds, sense surroundings 2, no regeneration
a: Heal Wounds, Berserk, Trog's Hand, Renounce Religion


You were in a bailey.
You worshipped Trog.
Trog was pleased with you.
You were very hungry.

You visited 2 branches of the dungeon, and saw 9 of its levels.
You also visited: Bailey.

You collected 250 gold pieces.

Inventory:

Hand Weapons
 a - a +0 flail
 d - a +1 whip of electrocution (weapon)
 n - a +5 scythe of freezing
Armour
 c - a +0 shield (worn)
 k - a +0 helmet (worn)
 p - the +4 ring mail "Toec" (worn) {Regen+ Dex+2 SInv}
   (You found it on level 4 of the Dungeon)

   It affects your dexterity (+2).
   It lets you see invisible.
   It increases your rate of regeneration.
 q - a +0 plate armour
 u - a +2 cloak of poison resistance (worn)
Jewellery
 g - an uncursed ring of magical power
 i - a ring of protection from magic (left hand)
 o - a ring of positive energy (right hand)
 r - an uncursed amulet of regeneration {unknown}
 t - an uncursed ring of ice {unknown}
 x - a cursed ring of stealth {unknown}
 z - an uncursed ring of ice {unknown}
Wands
 b - a wand of flame (25)
 m - a wand of polymorph (12)
 A - a wand of digging (2)
Scrolls
 e - 3 scrolls of teleportation
 y - a scroll of blinking {unknown}
Potions
 h - 5 potions of curing {unknown}
 j - 2 potions of haste {unknown}
 l - a potion of lignification {unknown}
 s - 3 potions of brilliance {unknown}
 v - a potion of magic {unknown}
Comestibles
 f - 12 rations
 w - 10 chunks of flesh


   Skills:
 + Level 7.4 Fighting
 + Level 7.7 Maces & Flails
 + Level 8.9 Armour
 + Level 8.9 Shields


You had 9 spell levels left.
You didn't know any spells.
Your spell library was empty.

Dungeon Overview and Level Annotations

Branches:
Dungeon (8/15)             Temple (1/1) D:4
   Lair: D:8-11

Altars:
Dithmenos
Elyvilon
Gozag
Nemelex Xobeh
Okawaru
Qazlal
Sif Muna
Trog
Vehumet
Wu Jian
Xom
Yredelemnul
Zin
The Shining One
Jiyva

Shops:
D:6 [

Annotations:
D:3 2 runed doors, goofnerd's ghost, amateur DsGl
D:6 Prince Ribbit


Innate Abilities, Weirdness & Mutations

You are resistant to damage.
You can heal yourself by infusing magical energy.
You passively map the area around you.
You do not regenerate.


Message History

The orc warrior is lightly wounded.
The orc warrior shoots a bolt.
You block the bolt. You block the orc warrior's attack.
The orc warrior shoots a bolt.
The bolt closely misses you. The orc closely misses you.
You closely miss the orc warrior.
The orc warrior is lightly wounded.
You block the orc's attack.
The orc warrior hits you with a +0 halberd.
* * * LOW HITPOINT WARNING * * *
The orc warrior shoots a bolt.
You block the bolt.
You hit the orc warrior.
The orc warrior is moderately wounded.
The orc warrior shoots a bolt.
You block the bolt. The orc misses you.
The orc warrior hits you but does no damage.
You barely miss the orc warrior.
The orc warrior is moderately wounded.
The orc warrior shoots a bolt.
The bolt hits you!!
* * * LOW HITPOINT WARNING * * *
You block the orc's attack.
The orc warrior shoots a bolt.
The bolt hits you!
You die...

##* ##
##.###########∩## ##
#$..##.....##...##..
#..o#..≈≈≈..#...#..≈
#(.@#.≈≈o≈≈.......≈≈
#.o.(.≈oo.≈.......≈o
#)..#(≈≈o≈≈.()....≈≈
#$o.#..≈≈≈(.#(..#..≈
#$..##(.(..##(∩.#*
##.###########∩##
##* ###


You could see 4 orc warriors and 2 orcs.

Vanquished Creatures
  Psyche (D:8)
  6 slime creatures
  Grinder (D:6)
  Sigmund (D:4)
  Menkaure (D:6)
  3 orc warriors
  A hornet zombie (D:5)
  A black bear (D:7)
  2 sky beasts (D:5)
  3 ogres
  2 phantoms
  3 centaurs
  Blork the orc (D:4)
  3 bullfrogs
  A wyvern skeleton (D:6)
  3 crimson imps
  A hound (D:5)
  A bullfrog zombie (D:7)
  2 orc wizards (D:6)
  Crazy Yiuf (D:6)
  5 orc priests
  A bullfrog skeleton (D:7)
  Jessica (D:3)
  A centaur skeleton (D:4)
  Natasha (thrice) (D:2)
  2 iguanas
  3 worker ants
  2 killer bee zombies (D:6)
  2 hound skeletons (D:5)
  A worker ant zombie (D:5)
  10 gnolls
  6 adders
  2 shadow imps
  An ooze (D:3)
  2 worms
  A dart slug (D:2)
  4 leopard geckos
  18 orcs
  5 bats
  6 giant cockroaches
  6 hobgoblins
  2 jackals (D:2)
  5 kobolds
  A ball python (D:7)
  2 frilled lizards (D:1)
  9 goblins
  A jackal zombie (D:7)
  A quokka skeleton (D:7)
  A quokka zombie (D:7)
  5 rats
147 creatures vanquished.

Vanquished Creatures (others)
  4 fungi (D:6)
4 creatures vanquished.

Grand Total: 151 creatures vanquished

Notes
Turn   | Place    | Note
-------+----------+-------------------------------------------
     0 | D:1      | Blackhawk the Deep Dwarf Fighter began the quest for the
                  | Orb.
     0 | D:1      | Reached XP level 1. HP: 20/20 MP: 1/1
   469 | D:1      | Reached XP level 2. HP: 27/27 MP: 2/2
   775 | D:2      | Reached XP level 3. HP: 27/34 MP: 3/3
   990 | D:2      | Noticed Natasha
   996 | D:2      | Killed Natasha
   996 | D:2      | Reached XP level 4. HP: 26/42 MP: 4/4
  1162 | D:2      | Noticed Natasha
  1189 | D:2      | Killed Natasha
  1322 | D:2      | Noticed Natasha
  1328 | D:2      | Killed Natasha
  1328 | D:2      | Reached XP level 5. HP: 21/49 MP: 5/5
  1513 | D:3      | Found a stormy altar of Qazlal.
  1879 | D:3      | Reached XP level 6. HP: 31/57 MP: 6/6
  2017 | D:3      | Noticed goofnerd's ghost (amateur DsGl)
  2018 | D:3      | Found a large runed door.
  2018 | D:3      | Found a large runed door.
  2084 | D:3      | Found a sparkling altar of Nemelex Xobeh.
  2084 | D:3      | Noticed Jessica
  2090 | D:3      | Killed Jessica
  2103 | D:3      | Found an ornate altar of the Wu Jian Council.
  2616 | D:4      | You fall through a shaft for 2 floors!
  2654 | D:5      | Entered Level 5 of the Dungeon
  2663 | D:5      | Reached skill level 5 in Shields
  2666 | D:5      | Reached skill level 5 in Armour
  2720 | D:5      | Noticed a sky beast
  2758 | D:5      | Noticed a sky beast
  2798 | D:5      | Reached XP level 7. HP: 16/66 MP: 7/7
  2915 | D:4      | Noticed Blork the orc
  2925 | D:4      | Killed Blork the orc
  3079 | D:4      | Found a staircase to the Ecumenical Temple.
  3093 | Temple   | Entered the Ecumenical Temple
  3152 | Temple   | Became a worshipper of Trog the Wrathful
  3215 | D:4      | Got a fine ring mail
  3396 | D:4      | Noticed Sigmund
  3410 | D:4      | Killed Sigmund
  3705 | D:5      | Reached skill level 5 in Fighting
  3705 | D:5      | Reached skill level 5 in Maces & Flails
  3705 | D:5      | Reached XP level 8. HP: 34/74 MP: 8/8
  4278 | D:6      | Noticed Menkaure
  4287 | D:6      | Killed Menkaure
  4354 | D:6      | Gained mutation: You passively map the area around you.
                  | [Deep Dwarf growth]
  4354 | D:6      | Reached XP level 9. HP: 40/82 MP: 8/8
  4385 | D:6      | Reached * piety under Trog
  4444 | D:6      | Found a runed door.
  4449 | D:6      | Noticed Crazy Yiuf
  4453 | D:6      | Paralysed by something for 4 turns
  4460 | D:6      | Killed Crazy Yiuf
  4590 | D:6      | Found Xunwij's Armour Shoppe.
  4760 | D:6      | Noticed Prince Ribbit
  4760 | D:6      | Noticed Grinder
  4780 | D:6      | Killed Grinder
  4932 | D:6      | Identified the +4 ring mail "Toec" {Regen+ Dex+2 SInv} (You
                  | found it on level 4 of the Dungeon)
  4950 | D:6      | HP: 4/82 [slime creature (9)]
  5331 | D:7      | Reached ** piety under Trog
  5351 | D:7      | Found a shimmering altar of Xom.
  5372 | D:7      | Reached XP level 10. HP: 53/94 MP: 8/8
  5507 | D:8      | Noticed Psyche
  5515 | D:8      | Killed Psyche
  5542 | D:8      | Found a flagged portal.
  5559 | Bailey   | Entered a bailey
  5559 | Bailey   | Noticed an orc knight
  5590 | Bailey   | HP: 1/94 [orc warrior/bolt (19)]
  5590 | Bailey   | Shot with a bolt by an orc warrior

Vault maps used:
D:1:      lemuel_arrival_lava_pool, minmay_misc_feat_x,
          chequers_serial_rivers_large_a
D:2:      uniq_natasha
D:3:      overflow_temple_1_default, lemuel_crystal_altar,
          ebering_ghost_disaster_area, nemelex_lonely_heart_becter
D:4:      minmay_temple_entry_hall, first_ration, uniq_blork_the_orc,
          uniq_sigmund
D:6:      serial_shops, nicolae_shop_crystal, hangedman_decor_growths,
          minmay_fountain_box, uniq_crazy_yiuf_cottage, uniq_prince_ribbit1,
          uniq_menkaure, uniq_grinder
D:7:      serial_rivers, chequers_serial_rivers_micro_b,
          chequers_serial_rivers_micro_d, chequers_serial_rivers_micro_e,
          chequers_serial_rivers_small_a, basic_altar
D:8:      grunt_temple_overflow_open, slow_altar_2, due_lair_maze_entry_diamond,
          enter_bailey_3, uniq_pikel, uniq_psyche, uniq_erica
Temple:   pf_slimified_temple
Bailey:   bailey_polearm_4, bailey

Skill      XL: |  1  2  3  4  5  6  7  8  9 |
---------------+----------------------------+-----
Fighting       | 3 4 5 6 7 |  7.4
Armour         | 4 5 6 7 8 |  8.9
Shields        | 4 5 6 7 8 |  8.9
Maces & Flails | 3 4 5 6 7 |  7.7

Action                   |  1- 3 |  4- 6 |  7- 9 | 10-12 || total
-------------------------+-------+-------+-------+-------++-------
Melee: Flail             |    79 |       |       |       ||    79
       Whip              |    16 |   214 |   432 |    39 ||   701
Invok: Berserk           |       |       |     1 |     2 ||     3
       Trog's Hand       |       |       |     1 |       ||     1
 Abil: Heal Wounds       |       |     3 |    11 |       ||    14
  Use: Potion            |     1 |       |       |       ||     1
       Scroll            |       |     8 |     5 |       ||    13
  Eat: Chunk             |       |     6 |    11 |     1 ||    18
Armor: Scale mail        |    53 |       |       |       ||    53
       Plate armour      |       |   111 |   143 |       ||   254
       Ring mail         |       |       |    30 |     9 ||    39
Dodge: Dodged            |    28 |    21 |    58 |    20 ||   127
Block: Shield            |    70 |    93 |   155 |    44 ||   362

Table legend:
 A = Non-vault XP
 B = Vault XP
 C = Vault XP percentage of total XP
 D = Non-vault monster count
 E = Vault monster count
 F = Vault count percentage of total count
                 A         B        C        D         E       F
            +---------+---------+-------+---------+---------+-------
      Total |    4855 |    1635 |  25.2 |     133 |      14 |   9.5
            +---------+---------+-------+---------+---------+-------
        D:1 |      37 |       0 |   0.0 |      15 |       0 |   0.0
        D:2 |     185 |      35 |  15.9 |      21 |       1 |   4.5
        D:3 |     132 |      37 |  21.9 |      23 |       1 |   4.2
        D:4 |     236 |     341 |  59.1 |       7 |       2 |  22.2
        D:5 |    1033 |       0 |   0.0 |      18 |       0 |   0.0
        D:6 |    1272 |     497 |  28.1 |      24 |       3 |  11.1
        D:7 |    1755 |       0 |   0.0 |      23 |       0 |   0.0
        D:8 |     205 |     462 |  69.3 |       2 |       5 |  71.4
     Bailey |       0 |     263 | 100.0 |       0 |       2 | 100.0
            +---------+---------+-------+---------+---------+-------
